 Seeded DCSS version 0.30.0-29-ga12c61a403 (webtiles) character file.

Game seed: 18007716519941398942 (custom seed)

15 Dadbod the Digger (level 2, 19/19 HPs)
             Began as a Formicid Earth Elementalist on June 5, 2023.
             Quit the game on level 1 of the Dungeon.
             The game lasted 00:05:27 (364 turns).

Dadbod the Digger (Formicid Earth Elementalist)      Turns: 364, Time: 00:05:27

Health: 19/19      AC:  5    Str: 18    XL:     2   Next: 65%
Magic:  5/5        EV: 27    Int: 14    God:
Gold:   13         SH:  0    Dex: 17    Spells: 4/5 levels left

rFire   . . .        (no weapon)
rCold   + . .        (no shield)
rNeg    + . .        a - +0 robe
rPois   +            (helmet unavailable)
rElec   .            (no cloak)
rCorr   .            k - +2 pair of gloves of the Hills {rPois Slay+2}
SInv    +            (no boots)
Will    .....        f - amulet of the acrobat
Stlth   ++           j - ring of Wariness {rC+ rN+ Str+6 Dex+3}
HPRegen 0.23/turn    (no ring)
MPRegen 0.09/turn

%: acrobat
@: acrobatic
A: permanent stasis, dig shafts and tunnels, antennae 3, four strong arms
a: Dig, Shaft Self


You were on level 1 of the Dungeon.
You visited 1 branch of the dungeon, and saw 1 of its levels.

You collected 13 gold pieces.

Inventory:

Armour
 a - a +0 robe (worn)
 k - the +2 pair of gloves of the Hills (worn) {rPois Slay+2}
   (You acquired it on level 1 of the Dungeon)

   Slay:      It affects your accuracy & damage with ranged weapons and melee
   (+2).
   rPois:     It protects you from poison.
Jewellery
 e - an amulet of faith
 f - an amulet of the acrobat (around neck)
 j - the ring of Wariness (left hand) {rC+ rN+ Str+6 Dex+3}
   (You acquired it on level 1 of the Dungeon)

   [ring of strength]

   Str:       It affects your strength (+6).
   Dex:       It affects your dexterity (+3).
   rC:        It protects you from cold.
   rN:        It protects you from negative energy.
Scrolls
 c - 2 scrolls of magic mapping {unknown}
 h - a scroll of fog {unknown}
Potions
 b - a potion of magic
 d - a potion of berserk rage {unknown}
 g - 2 potions of heal wounds {unknown}


   Skills:
 + Level 1.9 Dodging
 + Level 2.4 Stealth
 + Level 2.4 Spellcasting
 + Level 1.1 Transmutations
 + Level 4.3 Earth Magic


You had 4 spell levels left.
You knew the following spells:

 Your Spells              Type           Power      Damage    Failure   Level
a - Sandblast             Erth           26%        2d8       3%          1

Your spell library contained the following spells:

 Spells                   Type           Power      Damage    Failure   Level
 Passwall                 Tmut/Erth      7%         N/A       12%         2
 Stone Arrow              Conj/Erth      14%        3d7       28%         3
 Petrify                  Tmut/Erth      9%         N/A       58%         4
 Leda's Liquefaction      Hex/Erth       3%         N/A       67%         4
 Lee's Rapid Deconstruct  Erth           6%         3d6*      71%         5
 Statue Form              Tmut/Erth      6%         N/A       100%        6


Dungeon Overview and Level Annotations

Branches:
Dungeon (1/15)

Altars:


Innate Abilities, Weirdness & Mutations

You cannot be hasted, slowed, berserked, paralysed or teleported.
You can dig through walls and to a lower floor.
You have a pair of large antennae on your head. (SInv)
Your four strong arms can wield two-handed weapons with a shield.


Message History

Confirm with . or Enter, or press ? or * to list all spells.
Aiming: Sandblast (safe; 4% risk of failure)
Press: ? - help, Shift-Dir - straight line, f - endoplasm
Aim: an endoplasm (98% to hit)
The blast of sand hits the goblin.
You kill the goblin!
Casting: Sandblast (safe; 4% risk of failure)
Confirm with . or Enter, or press ? or * to list all spells.
Aiming: Sandblast (safe; 4% risk of failure)
Press: ? - help, Shift-Dir - straight line, f/p - endoplasm
Aim: an endoplasm (98% to hit)
The blast of sand hits the endoplasm!
You kill the endoplasm!
Things that are here:
a +0 dagger; a goblin corpse
Found 3 scrolls labelled DICAOL JAOKK.
You see here a frilled lizard corpse.
i - 3 scrolls labelled DICAOL JAOKK This is a scroll of acquirement!
Something appears at your feet!
j - the ring of Wariness {rC+ rN+ Str+6 Dex+3} You feel stronger.
You feel agile.
j - the ring of Wariness (left hand) {rC+ rN+ Str+6 Dex+3} Something appears at your feet!
k - the +2 pair of gloves of the Hills {rPois Slay+2} You start putting on your armour.
You continue putting on the +2 pair of gloves of the Hills {rPois Slay+2}. x4
You finish putting on the +2 pair of gloves of the Hills {rPois Slay+2}.
You see here a book of the Earth.
Something appears at your feet!
You pick up a book of the Earth and begin reading...
You add the spells Leda's Liquefaction, Lee's Rapid Deconstruction and Statue Form to your library.
Okay, then.
You have nothing you can fire or use right now.
Okay, then.
Magic restored.
Things that are here:
a +0 dagger; a goblin corpse
c - 2 scrolls labelled DAUD DOTON (gained 1)
A frilled lizard comes into view.
Are you sure you want to abandon this character and quit the game? (Confirm with "yes".)

#..# #..#
#.###..## #..#
#........ #.l#
#####.### #..#
#....
#^.###########.###
#.. .............#
#.# ##########.#.#
#@# #.#.. #.#
#.###
#.############.#
#..............#
##############.#
###


You could see a frilled lizard (asleep).

Vanquished Creatures
  An endoplasm (D:1)
  A giant cockroach (D:1)
  2 goblins (D:1)
  2 hobgoblins (D:1)
  2 jackals (D:1)
  A quokka (D:1)
  A frilled lizard (D:1)
  2 kobolds (D:1)
12 creatures vanquished.

Notes
Turn   | Place    | Note
-------+----------+-------------------------------------------
     0 | D:1      | Dadbod the Formicid Earth Elementalist began the quest for
                  | the Orb.
     0 | D:1      | Reached XP level 1. HP: 13/13 MP: 3/3
   128 | D:1      | Reached skill level 4 in Earth Magic
   128 | D:1      | Reached XP level 2. HP: 19/19 MP: 0/5
   163 | D:1      | Found a faded altar of an unknown god.
   163 | D:1      | Noticed a neqoxec
   279 | D:1      | Identified 3 scrolls of acquirement
   279 | D:1      | Acquired the ring of Wariness {rC+ rN+ Str+6 Dex+3}
   282 | D:1      | Acquired the +2 pair of gloves of the Hills {rPois Slay+2}
   289 | D:1      | Acquired a book of the Earth
   364 | D:1      | Quit the game

Illustrated notes

Levels and vault maps discovered:
D:1:      psy_arrival_dodecagon, layout_basic,
          dreamdust_ecumenical_altar_sealed_demon

Skill      XL: |  1 |
---------------+----+-----
Earth Magic    | 4 |  4.3
Dodging        | |  1.9
Stealth        | |  2.4
Spellcasting   | |  2.4
Transmutations | |  1.1

Action                     || total
---------------------------++-------
  Melee: Unarmed           ||    12
   Cast: Sandblast         ||    15
    Use: Scroll            ||     3
 Armour: Robe              ||     2
  Dodge: Dodged            ||     9
